 Dungeon Crawl Stone Soup version 0.29-a0-669-gc25378c (webtiles) character file.

Game seed: 18017932969512413690

16 Dawnplanks the Shield-Bearer (level 2, 0/25 HPs)
             Began as a Formicid Fighter on June 23, 2022.
             Slain by a worm (9 damage)
             ... on level 2 of the Dungeon.
             The game lasted 00:00:52 (705 turns).

Dawnplanks the Shield-Bearer (Formicid Fighter)      Turns: 705, Time: 00:00:53

Health: 0/25       AC:  6    Str: 20    XL:     2   Next: 75%
Magic:  2/2        EV:  9    Int:  7    God:
Gold:   79         SH:  5    Dex: 13    Spells: 1/1 levels left

rFire   . . .      SeeInvis +   a - +0 long sword
rCold   . . .      Faith    .   c - +0 buckler
rNeg    . . .      Spirit   .   b - +0 scale mail
rPois   .          Reflect  .   (helmet unavailable)
rElec   .          Harm     .   (no cloak)
rCorr   .          Rampage  .   (no gloves)
Will    .....                   (no boots)
Stlth   ..........              (no amulet)
HPRegen 0.08/turn               (no ring)
MPRegen 0.08/turn               (no ring)

@: no status effects
A: permanent stasis, dig shafts and tunnels, antennae 3, four strong arms
a: Dig, Shaft Self


You were on level 2 of the Dungeon.
You visited 1 branch of the dungeon, and saw 2 of its levels.

You collected 79 gold pieces.

Inventory:

Hand Weapons
 a - a +0 long sword (weapon)
Armour
 b - a +0 scale mail (worn)
 c - a +0 buckler (worn)
Jewellery
 h - an amulet of faith
 i - a ring of fire
Scrolls
 f - a scroll of magic mapping {unknown}
 g - 2 scrolls of identify {unknown}
 k - 2 scrolls of blinking {unknown}
Potions
 d - a potion of might
 e - a potion of berserk rage {unknown}
 j - a potion of magic {unknown}


   Skills:
 + Level 3.6 Fighting
 + Level 2.1 Long Blades
 + Level 3.6 Armour
 + Level 4.2 Shields


You had one spell level left.
You didn't know any spells.
Your spell library was empty.

Dungeon Overview and Level Annotations

Branches:
Dungeon (2/15)

Altars:


Innate Abilities, Weirdness & Mutations

You cannot be hasted, slowed, berserked, paralysed or teleported.
You can dig through walls and to a lower floor.
You have a pair of large antennae on your head. (SInv)
Your four strong arms can wield two-handed weapons with a shield.


Message History

(D) Dungeon
Where to? (? - help)
What level of the Dungeon? (default 1, ? - help)
There is a stone staircase leading down here.
You climb downwards.
Found a small emerald amulet and a chain mail.
There is a stone staircase leading up here.
h - an amulet of faith
Found a leather armour.
g - 2 scrolls labelled XANNOS KALEXTYA (gained 1)
You now have 79 gold pieces (gained 13).
i - a ring of fire
j - a ruby potion
Found a stone staircase leading up.
k - 2 scrolls labelled ZIUVOO CIFOT A worm comes into view.
A worm is nearby!
You barely miss the worm. The worm barely misses you.
You hit the worm but do no damage. You hit the worm.
The worm is lightly wounded.
The worm bites you.
You barely miss the worm.
The worm is lightly wounded.
The worm closely misses you.
You barely miss the worm.
The worm is lightly wounded.
The worm bites you!
You barely miss the worm. You hit the worm.
The worm is lightly wounded.
The worm bites you!
You are too injured to fight recklessly!
You slash the worm!
The worm is heavily wounded.
The worm barely misses you.
You hit the worm.
The worm is severely wounded.
The worm bites you!
You die...

###...........###..[
##...................
#......##########.#..
#..#.##....... {# .
#.....<.###### #
#.##....# #.##....#
#.##....# #.##@...#
#.##w......#
#.##........
#.###.#..... #..
......# ...#### ###


You could see a worm.

Vanquished Creatures
  3 dart slugs (D:1)
  A giant cockroach (D:1)
  A goblin (D:1)
  2 hobgoblins (D:1)
  2 ball pythons (D:1)
  2 rats (D:1)
11 creatures vanquished.

Notes
Turn   | Place    | Note
-------+----------+-------------------------------------------
     0 | D:1      | Dawnplanks the Formicid Fighter began the quest for the
                  | Orb.
     0 | D:1      | Reached XP level 1. HP: 18/18 MP: 1/1
   193 | D:1      | Reached XP level 2. HP: 22/24 MP: 2/2
   376 | D:1      | Noticed a great orb of eyes
   380 | D:1      | Found a faded altar of an unknown god.
   381 | D:1      | Noticed a shining eye
   381 | D:1      | Noticed a golden eye
   381 | D:1      | Noticed a golden eye
   705 | D:2      | Slain by a worm

Illustrated notes

Levels and vault maps discovered:
D:1:      saegor_arrival_miasma, layout_rooms,
          hellmonk_ecumenical_altar_watching_god
D:2:      minmay_general_purpose_star, layout_basic, basic_altar,
          grunt_decor_cap

Action                   || total
-------------------------++-------
Melee: Long sword        ||    44
Armor: Scale mail        ||    10
Dodge: Dodged            ||    14
Block: Buckler           ||    12

Table legend: (Time is in decaauts)
 A = Elapsed time spent in this place.
 B = Non-inter-level travel time spent in this place.
 C = Inter-level travel time spent in this place.
 D = Time resting spent in this place.
 E = Time spent auto-exploring this place.
 F = Levels seen in this place.
 G = Mean time per level.
                   A        B        C        D        E       F      G
               +--------+--------+--------+--------+--------+-----+--------+
         Total |    718 |    700 |     18 |      0 |    583 |   2 |  359.0 |
       Dungeon |    718 |    700 |     18 |      0 |    583 |   2 |  359.0 |
               +--------+--------+--------+--------+--------+-----+--------+

Top non-repeatable levels by time:
     D:1: 669 daAuts
     D:2: 48 daAuts
